 Dungeon Crawl Stone Soup version 0.31-a0-1301-g7e11add784 (webtiles) character file.

Game seed: 17505583885810879789

883 Nattfarinn the Changeling (level 8, 0/64 HPs)
             Began as a Naga Shapeshifter on Dec 19, 2023.
             Slain by an ufetubus (4 damage)
             ... on level 5 of the Dungeon.
             The game lasted 00:10:13 (4974 turns).

Nattfarinn the Changeling (Naga Shapeshifter)       Turns: 4974, Time: 00:10:14

Health: 0/64       AC: -1    Str: 18    XL:     8   Next: 5%
Magic:  8/8        EV: 13    Int: 12    God:
Gold:   200        SH:  0    Dex: 10    Spells: 7/7 levels left

rFire   + .          .
                       - Unarmed
rCold   . . .        (shield currently unavailable)
rNeg    . . .        a - melded +0 animal skin
rPois   +            (no helmet)
rElec   .            (no cloak)
rCorr   .            (no gloves)
SInv    +            (no barding)
Will    +....        i - amulet of magic regeneration
Stlth   +            n - ring of protection from fire
HPRegen 0.30/turn    (no ring)
MPRegen 0.51/turn

%: no passive effects
@: about to teleport, flux-form, corroded, glowing, very slow
A: glow, contaminating, AC +2, large, see invisible, deformed body, poison
resistance, slowness 2, spit poison 1, naga tail 1
a: Spit Poison, Begin Untransformation


You were on level 5 of the Dungeon.
You were something dangerously unstable.
You visited 2 branches of the dungeon, and saw 6 of its levels.

You collected 200 gold pieces.

Inventory:

Armour
 a - a +0 animal skin (melded)
 r - a +1 pair of gloves
Jewellery
 i - an amulet of magic regeneration (around neck)
 n - a ring of protection from fire (left hand)
Talismans
 c - a beast talisman
 d - a flux talisman (active)
 l - a serpent talisman
Scrolls
 h - a scroll of noise
 p - a scroll of vulnerability
Potions
 b - a potion of brilliance {unknown}
 e - a potion of enlightenment {unknown}
 k - a potion of ambrosia {unknown}
 q - a potion of heal wounds {unknown}
 s - a potion of magic {unknown}
 t - a potion of might {unknown}
 u - a potion of haste {unknown}


   Skills:
 - Level 1.0 Fighting
 - Level 1.5 Dodging
 - Level 5.1 Unarmed Combat
 + Level 7.8 Shapeshifting


You had 7 spell levels left.
You didn't know any spells.
Your spell library contained the following spells:

 Spells                   Type           Power      Damage    Failure   Level
 Summon Ice Beast         Ice/Summ       0%         N/A       97%         4
 Summon Mana Viper        Hex/Summ       0%         N/A       100%        5
 Monstrous Menagerie      Summ           0%         N/A       100%        7


Dungeon Overview and Level Annotations

Branches:
Dungeon (5/15)             Temple (1/1) D:4

Altars:
Ashenzari
Dithmenos
Elyvilon
Fedhas
Gozag
Hepliaklqana
Kikubaaqudgha
Makhleb
Nemelex Xobeh
Okawaru
Qazlal
Ru
Sif Muna
Trog
Uskayaw
Vehumet
Wu Jian
Xom
Yredelemnul
Zin

Shops:
D:3 (   D:5 :

Annotations:
D:2 1 runed translucent door, 1 exclusion, Crazy Yiuf


Innate Abilities, Weirdness & Mutations

You are something dangerously unstable.
You glow with magical radiation, making you easy to see and hit.
Foes you strike become dangerously contaminated with magical radiation.
You are incapable of wielding weapons or throwing items.
Your serpentine skin is tough. (AC +2)
You have supernaturally acute eyesight. (SInv)
Armour fits poorly on your strangely shaped body.
Your system is resistant to poisons. (rPois)
You cover ground very slowly.
You can spit poison.
You have a snake-like lower body.


Message History

* * * LOW HITPOINT WARNING * * *
The ufetubus closely misses you.
You barely miss the orc. The ufetubus hits you.
* * * LOW HITPOINT WARNING * * *
The ufetubus hits you.
* * * LOW HITPOINT WARNING * * *
The orc closely misses you.
An orc wizard comes into view. It is wielding a +0 dagger.
It was a potion of curing.
You feel better.
The orc wizard shouts!
You hear a shout!
The ufetubus closely misses you. The ufetubus hits you.
* * * LOW HITPOINT WARNING * * *
The ufetubus hits you.
* * * LOW HITPOINT WARNING * * *
The ufetubus closely misses you.
You feel better. The ufetubus barely misses you. The ufetubus hits you.
* * * LOW HITPOINT WARNING * * *
The orc hits you with a +0 hand axe.
* * * LOW HITPOINT WARNING * * *
An orc comes into view. It is wielding a +0 mace.
Unknown command.
Okay, then.
As you read the scroll labelled QILUPI BOSOI, it crumbles to dust.
It is a scroll of enchant armour.
Your +0 pair of gloves glows green for a moment.
The ufetubus slips past you! The ufetubus barely misses you.
The ufetubus hits you.
* * * LOW HITPOINT WARNING * * *
The orc misses you. The ufetubus misses you. The ufetubus barely misses you.
As you read the scroll labelled TOECLI ESYTAPH, it crumbles to dust.
You feel strangely unstable.
It was a scroll of teleportation.
The ufetubus barely misses you. The ufetubus hits you.
* * * LOW HITPOINT WARNING * * *
The orc closely misses you.
Unknown command.
As you read the scroll labelled VACAKH SUYNAO, it dissolves into smoke.
It was a scroll of fog.
The ufetubus hits you.
* * * LOW HITPOINT WARNING * * *
The ufetubus hits you.
You die...

....... #..... ###.
##...o...... ..
.....#....#
#..###..o.#....#
.##..#..........#
.......##§5.....#
..........#op§.#
...........§§§.#
#............###
####.............#
##..#...........###
..............###
..##..........#
..†......#....#
.###...##.....#


You could see an orc wizard, an ufetubus and 2 orcs.

Vanquished Creatures
  Sigmund (D:4)
  Duvessa (D:5)
  Blork the orc (D:5)
  Dowan (D:4)
  A jelly (D:5)
  2 hounds (D:4)
  A gnoll bouda (D:4)
  Jessica (D:2)
  3 iguanas
  Ijyb (D:5)
  Natasha (thrice) (D:2)
  6 gnolls
  3 adders
  An ufetubus (D:5)
  4 worms
  2 dart slugs
  2 orcs
  4 bats
  8 endoplasms
  4 giant cockroaches
  5 goblins
  4 hobgoblins
  4 jackals (D:3)
  3 quokkas
  9 ball pythons
  3 frilled lizards
  11 kobolds
  5 rats
94 creatures vanquished.

Notes
Turn   | Place    | Note
-------+----------+-------------------------------------------
     0 | D:1      | Nattfarinn the Naga Shapeshifter began the quest for the
                  | Orb.
     0 | D:1      | Reached XP level 1. HP: 18/18 MP: 1/1
   126 | D:1      | Reached XP level 2. HP: 24/25 MP: 2/2
   639 | D:1      | Reached XP level 3. HP: 27/31 MP: 3/3
  1260 | D:2      | Reached XP level 4. HP: 38/38 MP: 4/4
  1356 | D:2      | Found a runed translucent door.
  1357 | D:2      | Noticed Crazy Yiuf
  1463 | D:2      | Noticed Natasha
  1469 | D:2      | Killed Natasha
  1470 | D:2      | Reached skill level 4 in Shapeshifting
  1634 | D:2      | Noticed Natasha
  1640 | D:2      | Killed Natasha
  1678 | D:2      | Noticed Jessica
  1682 | D:2      | Killed Jessica
  1683 | D:2      | Reached XP level 5. HP: 44/44 MP: 5/5
  1967 | D:2      | Noticed Natasha
  1972 | D:2      | Killed Natasha
  2422 | D:3      | Found Bunopryf's Antique Weapon Boutique.
  2536 | D:3      | Reached skill level 5 in Unarmed Combat
  2536 | D:3      | Reached XP level 6. HP: 40/51 MP: 6/6
  3123 | D:4      | Found a staircase to the Ecumenical Temple.
  3253 | Temple   | Entered the Ecumenical Temple
  3319 | D:4      | Reached skill level 5 in Shapeshifting
  3590 | D:4      | Noticed Sigmund
  3942 | D:4      | Killed Sigmund
  3943 | D:4      | Reached skill level 6 in Shapeshifting
  3943 | D:4      | Reached XP level 7. HP: 41/57 MP: 7/7
  4187 | D:5      | Entered Level 5 of the Dungeon
  4187 | D:5      | Found Idokhloa's Book Shop.
  4201 | D:5      | Noticed Ijyb
  4217 | D:5      | Noticed Duvessa
  4220 | D:5      | Killed Ijyb
  4445 | D:5      | Noticed Blork the orc
  4785 | D:5      | Killed Blork the orc
  4786 | D:5      | Reached skill level 7 in Shapeshifting
  4791 | D:5      | Noticed Dowan
  4797 | D:5      | Killed Duvessa
  4806 | D:4      | Killed Dowan
  4807 | D:4      | Reached XP level 8. HP: 24/64 MP: 8/8
  4974 | D:5      | Slain by an ufetubus

Illustrated notes

Levels and vault maps discovered:
D:1:      dpeg_arrival_long_road, layout_basic, minmay_misc_feat_nine_boxes,
          nicolae_figureground_pulse
D:2:      cheibrodos_helix_gallery, layout_basic, uniq_jessica,
          uniq_crazy_yiuf_cottage, uniq_natasha
D:3:      layout_rooms, serial_shops, shop, nrook_campfire
D:4:      layout_loops_corners, minmay_temple_entry_glassed_door, uniq_sigmund
D:5:      layout_cave_pools, serial_shops, shop, st_stairs_6,
          uniq_blork_the_orc, uniq_duvessa, uniq_ijyb
Temple:   mainiacjoe_temple_big_plus

Skill      XL: |  1  2  3  4  5  6  7 |
---------------+----------------------+-----
Unarmed Combat | 4 5 |  5.1
Shapeshifting  | 4 6 7 |  7.8
Fighting       | |  1.0
Dodging        | |  1.5

Action                     |  1- 3 |  4- 6 |  7- 9 || total
---------------------------+-------+-------+-------++-------
  Melee: Unarmed           |    71 |   119 |    58 ||   248
         Punch             |     1 |     3 |     1 ||     5
Ability: Spit Poison       |    19 |    34 |     6 ||    59
    Use: Scroll            |       |     2 |     6 ||     8
         Potion            |       |     1 |     2 ||     3
 Armour: Animal skin       |    45 |    61 |    13 ||   119
         Skin              |       |    36 |    49 ||    85
  Dodge: Dodged            |    28 |    47 |    56 ||   131
   Form: Flux              |       |       |     1 ||     1

Table legend: (Time is in decaauts)
 A = Elapsed time spent in this place.
 B = Non-inter-level travel time spent in this place.
 C = Inter-level travel time spent in this place.
 D = Time resting spent in this place.
 E = Time spent auto-exploring this place.
 F = Levels seen in this place.
 G = Mean time per level.
                   A        B        C        D        E       F      G
               +--------+--------+--------+--------+--------+-----+--------+
         Total |   6208 |   5724 |    484 |    701 |   4233 |   6 | 1034.7 |
       Dungeon |   6149 |   5720 |    429 |    701 |   4233 |   5 | 1229.8 |
        Temple |     59 |      4 |     55 |      0 |      0 |   1 |   59.0 |
               +--------+--------+--------+--------+--------+-----+--------+

Top non-repeatable levels by time:
     D:4: 1980 daAuts
     D:2: 1615 daAuts
     D:1: 1214 daAuts
     D:3: 911 daAuts
     D:5: 428 daAuts
  Temple: 59 daAuts
